 Dungeon Crawl Stone Soup version 0.32-a0-921-g04a7ad8e02 (webtiles) character file.

Game seed: 11879716703379867184

49 Chimkentus the Sneak (level 3, -4/18 HPs)
             Began as a Spriggan Enchanter on Apr 12, 2024.
             Slain by Crazy Yiuf
             ... wielding a +4 quarterstaff of chaos
              (13 damage)
             ... on level 2 of the Dungeon.
             The game lasted 00:07:32 (1852 turns).

Chimkentus the Sneak (Spriggan Enchanter)           Turns: 1852, Time: 00:07:32

Health: -4/18      AC:  3    Str: 10    XL:     3   Next: 51%
Magic:  1/8        EV: 16    Int: 18    God:
Gold:   74         SH:  5    Dex: 15    Spells: 2/7 levels left

rFire   . . .        a - +1 dagger
rCold   . . .        (no shield)
rNeg    . . .        b - +0 robe
rPois   .            (helmet restricted)
rElec   .            j - +0 cloak
rCorr   .            (gloves unavailable)
SInv    +            (boots unavailable)
Will    .....        p - amulet of reflection
Stlth   +++          m - +6 ring of strength
HPRegen 0.23/turn    (no ring)
MPRegen 0.11/turn

%: reflection
@: invisible, very quick
A: very small, no large weapons, unfitting armour, see invisible, speed 3
a: no special abilities


You were on level 2 of the Dungeon.
You visited 1 branch of the dungeon, and saw 2 of its levels.

You collected 74 gold pieces.

Inventory:

Hand Weapons
 a - a +1 dagger (weapon)
 l - a +0 sling
Missiles
 e - 13 stones (quivered)
Armour
 b - a +0 robe (worn)
 j - a +0 cloak (worn)
Jewellery
 m - a +6 ring of strength (left hand)
 p - an amulet of reflection (around neck)
Scrolls
 f - a scroll of identify {unknown}
 h - a scroll of amnesia {unknown}
 i - a scroll of blinking
 k - 2 scrolls of teleportation {unknown}
Potions
 c - a potion of invisibility
 d - a potion of curing {unknown}
 g - 2 potions of heal wounds
 n - a potion of cancellation {unknown}
 o - a potion of haste {unknown}


   Skills:
 * Level 1.6 Fighting
 + Level 1.1 Short Blades
 + Level 0.1 Ranged Weapons
 + Level 2.9 Dodging
 - Level 5.1 Stealth
 + Level 2.7 Spellcasting
 * Level 4.0 Hexes
 + Level 0.1 Ice Magic


You had 2 spell levels left.
You knew the following spells:

 Your Spells              Type           Power      Damage    Failure   Level
a - Ensorcelled Hibernat  Hex/Ice        20%        N/A       11%         2
b - Confusing Touch       Hex            17%        N/A       10%         3

Your spell library contained the following spells:

 Spells                   Type           Power      Damage    Failure   Level
 Mercury Vapours          Alch/Air       4%         N/A       26%         2
 Tukima's Dance           Hex            17%        N/A       10%         3
 Dazzling Flash           Conj/Hex       18%        N/A       22%         3
 Mephitic Cloud           Conj/Alch/Air  2%         N/A       45%         3
 Freezing Cloud           Conj/Ice/Air   1%         6-21      99%         5


Dungeon Overview and Level Annotations

Branches:
Dungeon (2/15)

Altars:

Annotations:
D:2 Crazy Yiuf


Innate Abilities, Weirdness & Mutations

You are very small and have problems with some larger weapons.
You are too small for most types of armour.
You have supernaturally acute eyesight. (SInv)
You cover ground extremely quickly. (Speed+++)


Message History

Unknown command.
Crazy Yiuf says, "Buddy water agre!"
Casting: Ensorcelled Hibernation (safe; 11% risk of failure)
Confirm with . or Enter, or press ? or * to list all spells.
Aiming: Ensorcelled Hibernation (safe; 11% risk of failure)
Press: ? - help, Shift-Dir - straight line, f/p - Crazy Yiuf
Aim: Crazy Yiuf, wielding a +4 quarterstaff of chaos and wearing a +2 cloak of preservation (chance to affect: 52%) Crazy Yiuf resists with significant effort.
Crazy Yiuf waves his quarterstaff at you.
Casting: Ensorcelled Hibernation (safe; 11% risk of failure)
Confirm with . or Enter, or press ? or * to list all spells.
Aiming: Ensorcelled Hibernation (safe; 11% risk of failure)
Press: ? - help, Shift-Dir - straight line, f/p - Crazy Yiuf
Aim: Crazy Yiuf, wielding a +4 quarterstaff of chaos and wearing a +2 cloak of preservation (chance to affect: 52%) Crazy Yiuf looks drowsy...
Crazy Yiuf shouts!
Crazy Yiuf says, "Adder!"
You barely miss Crazy Yiuf. Crazy Yiuf completely misses you.
You closely miss Crazy Yiuf.
Crazy Yiuf says, "Prologue ena light!"
Crazy Yiuf hits you with a +4 quarterstaff of chaos!
You are lethally poisoned!
You feel sick.
It was a potion of heal wounds.
You feel much better.
You feel sick.
You feel sick.
Crazy Yiuf whimpers, "Cake ragdoll spinner!"
Crazy Yiuf attacks as he pursues you! You block Crazy Yiuf's attack.
You feel sick.
You fade into invisibility!
You feel sick.
You barely miss Crazy Yiuf.
You feel sick.
You feel sick.
You feel sick.
You closely miss Crazy Yiuf.
You feel sick. Crazy Yiuf barely misses you.
You barely miss Crazy Yiuf.
You feel sick.
You are no longer poisoned.
Crazy Yiuf says, "Cake!
Paint snockshim forty-two."
Crazy Yiuf hits you with a +4 quarterstaff of chaos!
Ouch! That really hurt!
You die...

#.##......รท..............
#.##....##....#.######...
#.##.....#....#.# #...
#.##.....#....#.# #...
#.##.###.#....#.######g..
#.##.# #.#....#......#...
#.##.# #.#....#.....g....
#.##.###.#...........)...
#......#@#...##.........)
#......#g#.g.##..........
#......#......#..........
#......######.#..........
##.....# #.#..........
#.....# #.#..........
#.....# #.#..........
#.....# #............
#.....# ###....g.....


You could see Crazy Yiuf (unable to see you).

Vanquished Creatures
  2 adders (D:2)
  A dart slug (D:1)
  3 endoplasms
  3 giant cockroaches
  3 goblins
  3 hobgoblins (D:1)
  A quokka (D:1)
  4 ball pythons
  2 frilled lizards (D:2)
  3 kobolds (D:1)
  4 rats
29 creatures vanquished.

Notes
Turn   | Place    | Note
-------+----------+-------------------------------------------
     0 | D:1      | Chimkentus the Spriggan Enchanter began the quest for the
                  | Orb.
     0 | D:1      | Reached XP level 1. HP: 9/9 MP: 5/5
   239 | D:1      | Reached skill level 5 in Stealth
   285 | D:1      | Reached XP level 2. HP: 13/14 MP: 6/6
   441 | D:1      | Learned a level 2 spell: Ensorcelled Hibernation
  1293 | D:2      | Reached skill level 1 in Fighting
  1293 | D:2      | Reached XP level 3. HP: 18/18 MP: 5/8
  1297 | D:2      | Learned a level 3 spell: Confusing Touch
  1461 | D:2      | Found a runed translucent door.
  1462 | D:2      | Noticed Crazy Yiuf
  1852 | D:2      | Slain by Crazy Yiuf

Illustrated notes

Levels and vault maps discovered:
D:1:      amcnicky_arrival_feature_with_door, layout_basic
D:2:      layout_basic, uniq_crazy_yiuf_cottage

Skill      XL: |  1  2  3 |
---------------+----------+-----
Stealth        | 5 |  5.1
Fighting       | 1 |  1.6
Hexes          | 4 |  4.0
Short Blades   | |  1.1
Ranged Weapons | |  0.1
Dodging        | |  2.9
Spellcasting   | |  2.7
Ice Magic      | |  0.1

Action                     || total
---------------------------++-------
  Melee: Dagger            ||    47
   Fire: Sling             ||    19
  Throw: Stone             ||     5
   Cast: Ensorcelled Hiber ||    23
    Use: Potion            ||     2
         Scroll            ||     1
   Stab: Sleeping          ||    18
 Armour: Robe              ||    15
  Dodge: Dodged            ||    23
  Block: Other             ||     1

Table legend: (Time is in decaauts)
 A = Elapsed time spent in this place.
 B = Non-inter-level travel time spent in this place.
 C = Inter-level travel time spent in this place.
 D = Time resting spent in this place.
 E = Time spent auto-exploring this place.
 F = Levels seen in this place.
 G = Mean time per level.
                   A        B        C        D        E       F      G
               +--------+--------+--------+--------+--------+-----+--------+
         Total |   1313 |   1205 |    108 |      0 |    874 |   2 |  656.5 |
       Dungeon |   1313 |   1205 |    108 |      0 |    874 |   2 |  656.5 |
               +--------+--------+--------+--------+--------+-----+--------+

Top non-repeatable levels by time:
     D:1: 795 daAuts
     D:2: 517 daAuts
